Map: Galactic Process LE

Players

True - Winner!

  • Race: Zerg Zerg
  • League: Grandmaster

Jason

  • Race: Terran Terran
  • League: Grandmaster

Event: Cheesadelphia Summer 2016

VOD

https://www.youtube.com/watch?v=LSVaS6IEU_k

Description

Time

  • Played on: July 24, 2016, 10:44 a.m.
  • Length: 16:35

All games in this series

Show
View Real Time Build Order
Export as new Build Order

True Zerg - Winner!

Build Orders: Hatch First, Muta Ling Bane 

Get SALT Encoding   

  12  0:00  Drone  
  13  0:12  Overlord  
  13  0:17  Drone  
  14  0:30  Drone x2  
  14  0:34  Drone  
  17  0:54  Hatchery  
  17  0:56  Drone  
  17  1:09  Spawning Pool  
  16  1:11  Extractor  
  16  1:14  Drone  
  16  1:17  Drone  
  17  1:21  Drone  
  18  1:28  Drone  
  19  1:38  Overlord  
  19  1:55  Queen  
  19  1:56  Zergling x2  
  19  2:00  Zergling x2  
  23  2:05  Queen  
  23  2:06  Zergling x2  
  26  2:11  Metabolic Boost  
  26  2:13  Drone  
  27  2:17  Drone  
  27  2:21  Drone  
  28  2:33  Queen  
  31  2:37  Drone x2  
  31  2:40  Drone  
  33  2:49  Pneumatized Carapace  
  33  2:51  Overlord  
  33  2:55  Drone  
  34  2:59  Drone  
  35  3:08  Overlord  
  35  3:10  Drone  
  35  3:11  Drone x3  
  39  3:15  Drone  
  39  3:16  Drone  
  39  3:19  Drone  
  42  3:21  Drone  
  43  3:27  Drone x2  
  43  3:32  Drone  
  46  3:44  Drone  
  46  3:46  Evolution Chamber  
  46  3:47  Hatchery  
  46  3:48  Queen  
  47  3:59  Overlord  
  47  4:00  Drone x4  
  51  4:06  Evolution Chamber  
  51  4:07  Overlord  
  51  4:09  Drone  
  51  4:11  Zerg Ground Armor Level 1  
  51  4:19  Queen  
  51  4:20  Spore Crawler  
  51  4:23  Zergling x4  
  51  4:24  Zergling x2  
  55  4:31  Drone  
  56  4:32  Zerg Melee Weapons Level 1, Drone x2  
  56  4:33  Drone  
  56  4:35  Drone  
  56  4:37  Overlord  
  60  4:43  Zergling x2  
  60  4:44  Zergling x2  
  62  4:51  Queen  
  64  4:53  Drone x3  
  64  4:55  Overlord  
  64  4:56  Drone  
  64  4:57  Drone  
  64  4:59  Drone  
  70  5:02  Overlord  
  70  5:03  Drone  
  70  5:04  Drone  
  70  5:06  Drone  
  73  5:11  Drone, Overlord  
  74  5:15  Lair  
  74  5:20  Drone x2  
  76  5:22  Drone, Extractor  
  76  5:23  Extractor  
  76  5:28  Baneling Nest  
  74  5:32  Overlord  
  74  5:35  Drone x6  
  80  5:37  Drone x2  
  80  5:39  Drone  
  80  5:40  Drone  
  84  5:45  Drone x5  
  89  5:58  Zergling x4  
  89  5:59  Zergling x2  
  89  6:02  Extractor, Zergling x6  
  89  6:03  Extractor  
  93  6:04  Zergling x2  
  93  6:05  Extractor  
  93  6:06  Overlord  
  93  6:07  Overlord  
  93  6:10  Overlord  
  93  6:11  Overlord  
  93  6:13  Zerg Ground Armor Level 2  
  93  6:14  Overlord  
  93  6:15  Overlord  
  93  6:17  Overlord  
  93  6:22  Overlord  
  93  6:24  Overlord  
  93  6:25  Zergling x4  
  95  6:26  Zerg Melee Weapons Level 2  
  95  6:28  Zergling x4  
  97  6:34  Drone  
  97  6:36  Centrifical Hooks  
  98  6:41  Zergling x8  
  98  6:43  Zergling x2  
  98  6:44  Zergling x2  
  98  6:45  Hatchery  
  103  6:47  Baneling  
  103  6:48  Baneling x6, Zergling x2  
  103  6:49  Zergling x2  
  103  6:51  Zergling x2  
  103  6:52  Zergling x2  
  103  6:53  Zergling x2  
  108  6:54  Zergling x2  
  108  6:55  Zergling x2  
  108  6:56  Overseer  
  108  6:59  Zergling x2  
  111  7:03  Zergling x2  
  111  7:04  Zergling x2  
  111  7:07  Zergling x2  
  108  7:14  Zergling x2  
  108  7:15  Zergling x4  
  111  7:16  Zergling x8  
  111  7:20  Zergling x2  
  116  7:24  Zergling x2  
  116  7:25  Zergling x2  
  116  7:26  Overlord, Zergling x2  
  116  7:27  Zergling x2  
  120  7:30  Spire  
  120  7:31  Baneling, Zergling x2  
  120  7:32  Baneling x6  
  120  7:33  Baneling  
  120  7:34  Baneling x4  
  120  7:36  Zergling x2  
  121  7:37  Zergling x2  
  121  7:39  Overlord, Zergling x2  
  121  7:40  Baneling, Zergling x2  
  121  7:41  Baneling, Zergling x2  
  125  7:44  Overlord  
  125  7:46  Zergling x2  
  125  7:47  Zergling x2  
  125  7:48  Zergling x4  
  129  7:55  Overlord  
  120  8:01  Zergling x4  
  121  8:09  Zergling x4  
  121  8:10  Zergling x2  
  121  8:11  Zergling x2  
  111  8:13  Zergling x10  
  111  8:14  Zergling x10  
  111  8:17  Zergling x2  
  111  8:19  Overlord  
  118  8:25  Overlord  
  118  8:31  Overlord  
  116  8:44  Mutalisk x9  
  116  8:47  Mutalisk x3, Zerg Flyer Weapons Level 1  
  140  8:49  Zergling x4  
  140  8:51  Zergling x2  
  140  8:52  Zergling x2  
  143  8:56  Baneling x8  
  143  8:57  Zergling x2  
  143  9:02  Zergling x2  
  145  9:03  Zergling x4  
  145  9:09  Zergling x2  
  146  9:11  Zergling x2  
  146  9:14  Zergling x2  
  146  9:15  Zergling x6  
  146  9:16  Zergling x2  
  153  9:17  Zergling x2  
  153  9:18  Zergling x2  
  154  9:25  Overseer  
  154  9:26  Mutalisk x2  
  154  9:27  Mutalisk x2  
  154  9:30  Zergling x2  
  163  9:32  Zergling x2  
  163  9:36  Baneling x5  
  163  9:37  Baneling x3  
  163  9:38  Baneling  
  164  9:42  Zergling x8  
  164  9:43  Zergling x2  
  167  9:45  Zergling x2  
  167  9:46  Baneling x2  
  167  9:47  Baneling x3  
  162  10:00  Zergling x8  
  162  10:04  Zergling x4  
  148  10:12  Zergling x8  
  148  10:14  Zergling x2  
  134  10:17  Zergling x2  
  134  10:18  Baneling x2  
  134  10:20  Zergling x4  
  120  10:30  Mutalisk x4  
  120  10:31  Mutalisk x2  
  120  10:32  Mutalisk  
  124  10:42  Mutalisk  
  124  10:48  Zergling x4  
  128  10:50  Zergling x2  
  128  10:54  Zergling x2  
  128  10:55  Zergling x4  
  133  10:57  Zergling x4  
  133  10:58  Zergling x2  
  133  10:59  Zergling x2  
  133  11:00  Mutalisk  
  137  11:11  Baneling x4  
  137  11:12  Baneling x3, Zergling x2  
  137  11:13  Zergling x2  
  137  11:15  Zergling x4  
  129  11:19  Zergling x2  
  129  11:24  Zergling x2  
  129  11:25  Zergling x4  
  125  11:30  Mutalisk  
  125  11:32  Mutalisk x2  
  119  11:34  Zergling x2  
  119  11:37  Overseer x2  
  120  11:43  Mutalisk x2  
  120  11:45  Queen, Zergling x2  
  120  11:46  Zergling x2  
  128  11:51  Zergling x2  
  128  11:52  Hatchery, Infestation Pit, Zergling x2  
  128  11:53  Overlord  
  128  11:54  Hatchery  
  128  11:57  Overlord  
  126  12:03  Mutalisk  
  126  12:06  Zergling x2  
  126  12:07  Zergling x4  
  130  12:10  Zergling x2  
  130  12:11  Zergling x4  
  130  12:12  Zergling x2  
  130  12:13  Zergling x2  
  130  12:14  Zergling x2  
  130  12:15  Zergling x12  
  142  12:16  Zergling x2  
  142  12:20  Roach Warren  
  142  12:24  Zergling x2  
  142  12:25  Zergling x2  
  142  12:26  Baneling x4  
  142  12:27  Zergling x4  
  146  12:35  Pathogen Glands  
  143  12:51  Infestor x2  
  143  12:56  Extractor  
  146  13:00  Glial Reconstitution  
  146  13:03  Zerg Missile Weapons Level 1  
  146  13:06  Infestor x2  
  146  13:11  Roach  
  146  13:12  Roach x6  
  163  13:15  Roach x2  
  163  13:16  Roach  
  163  13:19  Drone x2  
  171  13:20  Roach x2  
  171  13:21  Drone x2  
  171  13:24  Roach  
  171  13:25  Roach x2  
  171  13:26  Roach  
  187  13:27  Roach  
  187  13:28  Roach  
  187  13:29  Roach  
  187  13:31  Roach  
  193  13:39  Roach x3  
  193  13:40  Roach  
  199  13:45  Roach  
  199  13:51  Spine Crawler  
  199  13:55  Baneling x12  
  198  13:56  Overlord, Zergling x2  
  199  14:05  Zergling x2  
  155  14:27  Roach x3  
  155  14:28  Roach x15  
  155  14:30  Zergling x2  
  191  14:31  Zergling x2  
  191  14:33  Zergling x2  
  191  14:36  Ravager x2  
  181  14:39  Ravager x3  
  181  14:40  Overseer  
  181  14:42  Roach, Zergling x2  
  181  14:43  Zergling x4  
  181  14:44  Drone x2  
  181  14:45  Drone x2  
  183  14:46  Zergling x6  
  183  14:48  Queen  
  183  14:49  Zergling x6  
  183  14:50  Zergling x2  
  189  14:54  Extractor, Zergling x2  
  189  14:56  Zergling x2  
  189  14:57  Zergling x2  
  187  15:05  Zergling x10  
  187  15:07  Ravager x2, Hive, Zergling x2  
  186  15:08  Ravager  
  186  15:10  Zergling x2  
  186  15:11  Drone  
  186  15:13  Spine Crawler  
  191  15:15  Spore Crawler, Zergling x2  
  191  15:18  Drone  
  191  15:19  Queen  
  191  15:21  Zergling x10  
  191  15:38  Zergling x2  
  191  15:39  Zergling x18  
  195  15:44  Zergling x2  
  195  15:45  Zergling x8  
  192  16:06  Zergling x18  
  195  16:11  Zergling x2  
  195  16:12  Zergling x8  
Show
View Real Time Build Order
Export as new Build Order

Jason Terran 

Build Orders: Reaper Expand, Bio Mine 

Get SALT Encoding   

  12  0:00  SCV  
  13  0:13  SCV  
  14  0:17  Supply Depot  
  14  0:25  SCV  
  15  0:39  SCV  
  15  0:41  Barracks  
  16  0:47  Refinery  
  16  0:51  SCV  
  17  1:03  SCV  
  18  1:15  SCV  
  19  1:29  Orbital Command  
  19  1:30  Reaper  
  20  1:44  Command Center  
  20  1:54  Supply Depot  
  20  1:56  SCV  
  21  2:02  Marine  
  22  2:09  SCV  
  22  2:12  Factory  
  23  2:20  Marine  
  23  2:21  SCV  
  25  2:25  Refinery  
  25  2:33  SCV  
  26  2:38  Marine  
  27  2:45  SCV  
  28  2:57  Factory Tech Lab, Starport, SCV  
  29  2:59  Orbital Command  
  29  3:01  Barracks Reactor  
  29  3:05  Bunker  
  29  3:19  SCV  
  30  3:24  Siege Tank  
  30  3:27  SCV  
  34  3:31  SCV  
  34  3:35  Supply Depot  
  34  3:38  Marine x2  
  34  3:39  SCV  
  37  3:41  Medivac  
  37  3:44  SCV  
  40  3:51  SCV  
  41  3:59  Command Center  
  41  4:02  SCV  
  42  4:08  Factory Reactor  
  42  4:10  Barracks, SCV  
  42  4:13  Marine  
  42  4:16  SCV  
  45  4:19  Barracks  
  45  4:24  Supply Depot, SCV  
  45  4:28  Viking  
  48  4:31  SCV  
  48  4:33  Marine  
  48  4:36  Stimpack  
  50  4:38  SCV  
  50  4:44  SCV  
  52  4:51  Refinery, SCV  
  52  4:52  Supply Depot, Refinery  
  53  4:53  Factory Reactor, Marine  
  53  4:56  SCV  
  55  5:05  Starport Reactor  
  55  5:06  Marine x3  
  55  5:07  Marine, SCV  
  58  5:12  Engineering Bay  
  58  5:13  Orbital Command  
  60  5:15  SCV  
  60  5:20  Marine  
  62  5:21  SCV  
  62  5:24  Marine  
  62  5:26  Marine  
  62  5:27  Marine, SCV  
  67  5:30  Engineering Bay  
  67  5:32  Orbital Command  
  67  5:34  SCV  
  67  5:35  Widow Mine x2  
  68  5:39  SCV  
  73  5:44  Supply Depot  
  73  5:45  Supply Depot, Terran Infantry Weapons Level 1  
  73  5:46  SCV  
  76  5:52  Medivac x2  
  76  5:53  SCV  
  79  5:58  SCV x2  
  79  6:00  Terran Infantry Armor Level 1, Marine  
  79  6:01  Marine  
  79  6:02  Marine  
  79  6:03  Marine  
  85  6:05  Marine, SCV  
  87  6:11  SCV  
  87  6:15  Supply Depot  
  87  6:16  Supply Depot  
  87  6:18  Marine  
  89  6:19  Marine  
  89  6:22  SCV x2  
  92  6:27  Widow Mine, Barracks  
  92  6:28  Barracks  
  92  6:29  SCV  
  92  6:30  Marine x3  
  98  6:37  SCV  
  98  6:38  SCV  
  98  6:39  Widow Mine  
  102  6:40  Medivac x2  
  106  6:50  Marine x3  
  106  6:51  SCV, Marauder  
  112  6:58  Marine  
  113  7:02  Widow Mine  
  113  7:04  SCV  
  113  7:05  SCV  
  113  7:08  Marine  
  117  7:12  Medivac  
  115  7:15  SCV  
  115  7:16  Refinery x2  
  115  7:17  Supply Depot  
  115  7:18  Supply Depot  
  115  7:19  Barracks Tech Lab, Supply Depot, Barracks Reactor  
  115  7:20  Supply Depot, SCV, Armory  
  115  7:22  Marine x3  
  116  7:23  Marine  
  116  7:25  SCV  
  116  7:27  SCV  
  116  7:29  Combat Shields  
  122  7:32  SCV  
  122  7:34  Factory  
  123  7:37  SCV  
  123  7:40  SCV  
  123  7:43  Marine x3  
  123  7:44  SCV, Marauder  
  130  7:49  SCV  
  132  7:54  Marine  
  132  7:58  Marine  
  127  8:08  Marine x3  
  127  8:09  Widow Mine, Marine x2, Marauder  
  127  8:10  Widow Mine, SCV  
  127  8:11  SCV x2  
  127  8:12  Marine  
  137  8:15  Supply Depot  
  137  8:16  Supply Depot  
  137  8:17  Supply Depot  
  138  8:21  Marine  
  138  8:22  Factory Tech Lab  
  138  8:23  Terran Infantry Weapons Level 2  
  138  8:25  Medivac  
  138  8:26  Marine  
  142  8:29  Terran Infantry Armor Level 2  
  142  8:32  Marine  
  142  8:33  Marine x2  
  140  8:43  Marine  
  140  8:44  Marine, Marauder  
  140  8:47  Marine  
  140  8:48  Marauder  
  147  8:50  Sensor Tower  
  147  8:53  Marine  
  147  8:55  Widow Mine x3, Medivac x2  
  156  9:14  Marine  
  156  9:15  Marine x2  
  156  9:16  Marauder  
  156  9:17  Marine  
  156  9:20  Bunker  
  156  9:22  Bunker, Marine  
  156  9:23  Marauder  
  156  9:24  Widow Mine x2  
  156  9:25  Marine  
  156  9:27  Widow Mine  
  163  9:32  Marine  
  163  9:33  Marine x2  
  163  9:35  Marine  
  163  9:37  Marauder  
  169  9:40  Marine  
  169  9:43  Marine  
  169  9:44  Marine  
  166  9:49  Marine  
  166  9:51  Marine x2  
  166  9:52  Widow Mine  
  162  9:53  Widow Mine, Marine  
  162  9:58  Marine  
  162  9:59  Widow Mine, Marauder  
  166  10:01  Marine  
  166  10:02  Marauder  
  166  10:06  Orbital Command  
  153  10:07  Marine  
  153  10:09  Marine x2  
  153  10:11  Marine  
  126  10:16  Marine  
  126  10:19  Marine  
  126  10:20  Marauder  
  126  10:21  Widow Mine  
  119  10:22  Widow Mine  
  119  10:23  Marine  
  119  10:25  Marine  
  119  10:26  Marine  
  119  10:27  Widow Mine, Marine  
  127  10:29  Marine, SCV x2  
  127  10:34  Marine  
  118  10:36  Marine  
  118  10:41  Marine, Marauder  
  118  10:42  SCV  
  123  10:43  Marine  
  123  10:44  Marine x2  
  123  10:46  Marine  
  123  10:49  Widow Mine  
  125  10:52  Medivac x2  
  125  10:55  SCV  
  127  10:59  Marauder  
  127  11:00  Widow Mine, Refinery  
  127  11:01  Missile Turret  
  127  11:02  Refinery  
  128  11:05  Marine x2  
  128  11:06  Marine, Marauder  
  119  11:22  Medivac  
  119  11:24  Widow Mine  
  103  11:26  Marine  
  103  11:27  Widow Mine  
  103  11:28  Marine x2  
  103  11:29  Widow Mine, Drilling Claws  
  103  11:30  Medivac  
  103  11:31  Marine x3, Marauder  
  103  11:32  Marine  
  109  11:35  SCV  
  109  11:44  Marine  
  109  11:46  Marine x2  
  112  11:48  Marine  
  112  11:49  Marine x2  
  112  11:51  Medivac  
  112  11:53  Widow Mine  
  119  11:56  Widow Mine, Command Center  
  119  11:58  Sensor Tower  
  119  11:59  Marine  
  119  12:00  Medivac, Marauder  
  122  12:02  Widow Mine  
  122  12:08  Marine x5  
  121  12:14  Terran Infantry Weapons Level 3, Orbital Command  
  123  12:24  Widow Mine  
  125  12:40  Widow Mine  
  125  12:42  Widow Mine, Sensor Tower  
  125  12:43  Marine x4  
  125  12:44  Marauder x2  
  137  12:56  Ghost Academy  
  137  13:02  Barracks  
  137  13:03  Barracks  
  137  13:08  Widow Mine  
  137  13:09  Widow Mine  
  141  13:16  Sensor Tower  
  141  13:21  Marine  
  141  13:24  Marine  
  141  13:25  Marine, Marauder  
  141  13:26  Planetary Fortress  
  146  13:30  Widow Mine  
  146  13:41  Widow Mine  
  145  13:48  Widow Mine  
  145  13:53  Marine x2  
  145  13:54  Marauder  
  144  14:10  Marine  
  144  14:11  Marauder  
  144  14:12  Marine  
  144  14:13  Widow Mine x2  
  138  14:17  Widow Mine  
  123  14:27  Marine  
  123  14:29  Marine x3  
  123  14:30  Marauder  
  118  14:32  Marauder, SCV x2  
  118  14:35  SCV  
  118  14:38  Marine x2  
  102  14:39  Marine x2  
  102  14:41  Widow Mine x2  
  102  14:44  SCV x2  
  102  14:45  Marine  
  110  14:46  Widow Mine  
  110  14:47  Marine, Medivac  
  110  14:48  SCV  
  110  14:50  Marine  
  110  14:51  Marine  
  110  14:52  Marine  
  115  14:53  Marine  
  115  14:56  Marine x2  
  112  15:03  Marine  
  112  15:04  SCV x2  
  111  15:10  Widow Mine x2  
  111  15:11  Marauder  
  117  15:14  Ghost  
  117  15:15  Barracks Tech Lab  
  119  15:22  Bunker  
  119  15:30  Sensor Tower  
  119  15:31  Ghost  
  114  15:37  Marauder  
  105  15:45  Marauder  
  105  15:48  Widow Mine  
  105  15:49  Marine  
  107  15:50  Marine x2  
  108  15:58  Marauder  
  108  16:00  Ghost  
  104  16:06  Marine x2  
  104  16:07  Marauder  
  98  16:13  Marine x2  
Tags
 
Add a new tag
Caveats
  • Supply blocks, unpowered buildings, or Contaminate may cause inaccurate times.
  • Supply counts are checked every 10 seconds.